 Dungeon Crawl Stone Soup version 0.24.0-123-gd5b16e6ec5 (webtiles) character file.

Game seed: 264141676930893930, levelgen mode: deterministic

837 Elellon the Cleaver (level 7, -3/61 HPs)
             Began as a Hill Orc Fighter on Jan 13, 2020.
             Slain by an orc warrior
             ... wielding a +0 long sword
              (7 damage)
             ... on level 5 of the Dungeon on Jan 14, 2020.
             The game lasted 00:06:31 (3842 turns).

Elellon the Cleaver (Hill Orc Fighter)              Turns: 3842, Time: 00:06:32

Health: -3/61      AC: 13    Str: 21    XL:     7   Next: 99%
Magic:  7/7        EV:  5    Int:  8    God:
Gold:   273        SH:  9    Dex: 10    Spells: 6/6 levels left

rFire    . . .     SeeInvis .   a - +0 war axe
rCold    . . .     Gourm    .   c - +0 shield
rNeg     . . .     Faith    .   i - +0 chain mail
rPois    +         Spirit   .   e - +0 helmet
rElec    .         Reflect  .   n - +0 cloak
rCorr    .         Harm     .   (no gloves)
MR       .....                  w - +0 pair of boots
Stlth    ..........             (no amulet)
HPRegen  0.20/turn              h - ring of poison resistance
MPRegen  0.10/turn              (no ring)

@: no status effects
A: no striking features
a: no special abilities


You were on level 5 of the Dungeon.
You were not hungry.

You visited 1 branch of the dungeon, and saw 5 of its levels.

You collected 273 gold pieces.

Inventory:

Hand Weapons
 a - a +0 war axe (weapon)
Armour
 c - a +0 shield (worn)
 e - a +0 helmet (worn)
 i - a +0 chain mail (worn)
 n - a +0 cloak (worn)
 w - a +0 pair of boots (worn)
Jewellery
 h - a ring of poison resistance (left hand)
Wands
 u - a wand of scattershot (8)
 y - a wand of digging (6)
Scrolls
 b - 3 scrolls of remove curse
 j - 4 scrolls of teleportation {unknown}
 k - 5 scrolls of identify
 l - 2 scrolls of magic mapping {unknown}
 p - a scroll of amnesia {unknown}
 r - 3 scrolls of blinking {unknown}
 v - 2 scrolls of enchant weapon {unknown}
Potions
 d - 2 potions of might
 g - a potion of flight {unknown}
 m - 2 potions of degeneration {unknown}
 o - 2 potions of haste {unknown}
 q - a potion of brilliance {unknown}
 s - a potion of cancellation {unknown}
 t - a potion of curing {unknown}
 x - 2 potions of heal wounds {unknown}
Comestibles
 f - 8 rations
 z - 4 chunks of flesh


   Skills:
 + Level 5.0 Fighting
 * Level 9.5 Axes
 + Level 4.5 Armour
 + Level 4.6 Shields


You had 6 spell levels left.
You didn't know any spells.
Your spell library was empty.

Dungeon Overview and Level Annotations

Branches:
Dungeon (5/15)
 Temple: D:4-7

Altars:
Dithmenos
Qazlal

Shops:
D:4 (


Message History

You hit the orc warrior but do no damage.
The orc warrior is heavily wounded.
The orc warrior hits you with a +0 long sword.
* * * LOW HITPOINT WARNING * * *
You hit the orc warrior.
The orc warrior is heavily wounded.
The orc warrior hits you but does no damage.
Unknown command.
You barely miss the orc warrior.
The orc warrior is heavily wounded.
The orc warrior hits you with a +0 long sword.
* * * LOW HITPOINT WARNING * * *
Your chain mail prevents you from hitting the orc warrior.
The orc warrior is heavily wounded.
The orc warrior hits you but does no damage.
Unknown command.
Your shield and chain mail prevent you from hitting the orc warrior.
The orc warrior is heavily wounded.
The orc warrior hits you with a +0 long sword!
You die...

#..). #.###. #.
....# # ._
#.###.# #.#
......# ####..
..#####
.#....)# ÷.#
?... ...# ÷÷#
#...# #)## #
.######
#....##o@#.# #
......#
#<.......#.#.#
#####.#
##.#.#..?....#
#.....#
.........>...#
#.#####
#..#.#.#.#..#
#.#
#......#.###..≈
#.# #..#...#..
.. #.#
##.#.#.#### .
#.# #.#.#.#


You could see an orc warrior.

Vanquished Creatures
  An ice beast (D:5)
  A phantom (D:4)
  2 ogres
  A bullfrog (D:4)
  A scorpion (D:4)
  An orc priest (D:4)
  3 orc wizards
  A bullfrog skeleton (D:5)
  3 worker ants
  4 adders
  2 oozes
  2 worms (D:3)
  2 dart slugs (D:1)
  6 leopard geckos
  11 orcs
  4 bats
  5 giant cockroaches
  5 goblins
  10 hobgoblins
  8 jackals
  3 quokkas
  9 frilled lizards
  A jackal zombie (D:5)
  11 kobolds
  A quokka skeleton (D:5)
  5 rats
103 creatures vanquished.

Vanquished Creatures (others)
  A plant (D:5)
1 creature vanquished.

Grand Total: 104 creatures vanquished

Notes
Turn   | Place    | Note
-------+----------+-------------------------------------------
     0 | D:1      | Elellon the Hill Orc Fighter began the quest for the Orb.
     0 | D:1      | Reached XP level 1. HP: 19/19 MP: 1/1
    40 | D:1      | Reached skill level 3 in Axes
   127 | D:1      | Reached XP level 2. HP: 24/26 MP: 2/2
   273 | D:1      | Reached skill level 4 in Axes
   791 | D:1      | Reached XP level 3. HP: 31/31 MP: 3/3
  1183 | D:2      | Reached skill level 5 in Axes
  1539 | D:2      | Reached XP level 4. HP: 29/39 MP: 4/4
  1944 | D:3      | Reached skill level 6 in Axes
  2013 | D:3      | Reached XP level 5. HP: 45/45 MP: 5/5
  2054 | D:3      | Reached skill level 7 in Axes
  2917 | D:4      | Reached skill level 8 in Axes
  2917 | D:4      | Reached XP level 6. HP: 52/52 MP: 6/6
  3183 | D:4      | Found Eqeskohaf's Antique Weapon Shoppe.
  3225 | D:4      | Noticed a phantom
  3235 | D:4      | Killed a phantom
  3338 | D:4      | Reached XP level 7. HP: 60/60 MP: 7/7
  3364 | D:4      | Reached skill level 9 in Axes
  3388 | D:4      | Found a stormy altar of Qazlal.
  3533 | D:5      | Entered Level 5 of the Dungeon
  3816 | D:5      | Found a shadowy altar of Dithmenos.
  3834 | D:5      | Reached skill level 5 in Fighting
  3842 | D:5      | Slain by an orc warrior

Levels and vault maps discovered:
D:1:      dpeg_arrival_line_fractal, layout_basic
D:2:      layout_basic, hangedman_decor_opposing
D:3:      layout_basic
D:4:      layout_basic, serial_shops, shop, first_ration, lemuel_tele_altar
D:5:      layout_basic, lemuel_crystal_altar, minmay_temple_entry_trees,
          interstate_on_off, dk_noncrumbling_2, chequers_big_river,
          evilmike_ruin_ashenzari

Skill      XL: |  1  2  3  4  5  6  7 |
---------------+----------------------+-----
Axes           | 3 4 5 6 8 9 |  9.5
Fighting       | 4 5 |  5.0
Shields        | 4 |  4.6
Armour         | 4 |  4.5

Action                   |  1- 3 |  4- 6 |  7- 9 || total
-------------------------+-------+-------+-------++-------
Melee: War axe           |   146 |   217 |    77 ||   440
  Use: Scroll            |       |     3 |       ||     3
  Eat: Chunk             |     2 |     6 |     2 ||    10
Armor: Chain mail        |   103 |   161 |    39 ||   303
       Scale mail        |     5 |       |       ||     5
Dodge: Dodged            |    34 |    54 |    11 ||    99
Block: Shield            |    75 |   104 |    40 ||   219
